| TOP OF THE 1ST |
|
Greensboro Grasshoppers batting - Pitching for Peoria Chiefs : RHP Nick Peters
|
|
Pitching: RHP Nick Peters
|
|
|
Batting: RHB Harrie de Kam
|
0-0: Called Strike 0-1: Ball 1-1: TRIPLE (Flyball, 78XD, EV 101.2 MPH)
|
|
Batting: RHB Erik Coleman
|
0-0: Ball 1-0: Foul Ball, location: 2F 1-1: Fly out, F9 (Line Drive, 9S, EV 93.1 MPH)
|
|
Batting: LHB Angelo Estrella
|
0-0: Foul Ball, location: 2F 0-1: Swinging Strike 0-2: Foul Ball, location: 2F 0-2: Ball 1-2: TRIPLE (Line Drive, 9LD, EV 104.4 MPH) Harrie de Kam scores
|
|
Batting: RHB Miguel Velasco
|
0-0: Foul Ball, location: 2F 0-1: Foul Ball, location: 2F 0-2: Foul Ball, location: 2F 0-2: Ball 1-2: Ball 2-2: DOUBLE (Flyball, 8LXD, EV 102.5 MPH) Angelo Estrella scores
|
|
Batting: LHB Ryan Thompson
|
0-0: Called Strike 0-1: Ball 1-1: Swinging Strike 1-2: Strikes out looking
|
|
Batting: RHB Andy Kelly
|
0-0: Called Strike 0-1: Ball 1-1: Ball 2-1: Foul Ball, location: 2F 2-2: Ball 3-2: Foul Ball, location: 2F 3-2: Ground out 3-1 (Groundball, 34, EV 86.2 MPH)
|
| Top of the 1st over - 2 runs, 3 hits, 0 errors, 1 left on base; Greensboro 2 - Peoria 0 |
| BOTTOM OF THE 1ST |
|
Peoria Chiefs batting - Pitching for Greensboro Grasshoppers : RHP Adam Brown
|
|
Pitching: RHP Adam Brown
|
|
|
Batting: RHB Fortunato Fteira
|
0-0: Ball 1-0: Ball 2-0: Ball 3-0: Called Strike 3-1: Base on Balls
|
|
Batting: RHB Dave Cluster
|
0-0: Ball 1-0: DOUBLE (Groundball, 5L, EV 107.5 MPH) Fortunato Fteira to third
|
|
Batting: RHB John Peterson
|
0-0: Foul Ball, location: 2F 0-1: Foul Ball, location: 2F 0-2: Foul Ball, location: 2F 0-2: SINGLE (Groundball, 25, EV 74.4 MPH) (infield hit)
|
|
Batting: RHB Pat Scaturro
|
0-0: Fielders Choice at 2nd, 4-6 (Groundball, 4MD, EV 90.6 MPH) Fortunato Fteira scores Dave Cluster to third
|
|
Batting: RHB Tyler Walker
|
0-0: Fielders Choice at 2nd, 6-4 (Groundball, 6, EV 91.9 MPH) Dave Cluster scores
|
|
Batting: RHB Tommy Tracy
|
0-0: Ball 1-0: Called Strike 1-1: Fly out, F8 (Flyball, 8LD, EV 95.0 MPH)
|
| Bottom of the 1st over - 2 runs, 2 hits, 0 errors, 1 left on base; Greensboro 2 - Peoria 2 |
| TOP OF THE 2ND |
|
Greensboro Grasshoppers batting - Pitching for Peoria Chiefs : RHP Nick Peters
|
|
Batting: RHB J.D. Vander Klok
|
0-0: Called Strike 0-1: Foul Ball, location: 2F 0-2: Foul Ball, location: 2F 0-2: Ball 1-2: Ball 2-2: Ground out 6-3 (Groundball, 6, EV 105.6 MPH)
|
|
Batting: RHB Wei-guo Tsu
|
0-0: Ball 1-0: Foul Ball, location: 2F 1-1: Ground out 4-3 (Groundball, 4, EV 81.2 MPH)
|
|
Batting: RHB Jeremy Dennis
|
0-0: Called Strike 0-1: Swinging Strike 0-2: Ball 1-2: Ball 2-2: Ball 3-2: Strikes out swinging
|
| Top of the 2nd over - 0 runs, 0 hits, 0 errors, 0 left on base; Greensboro 2 - Peoria 2 |
| BOTTOM OF THE 2ND |
|
Peoria Chiefs batting - Pitching for Greensboro Grasshoppers : RHP Adam Brown
|
|
Batting: RHB Tim Cleary
|
0-0: Ball 1-0: Ball 2-0: Swinging Strike 2-1: Ball 3-1: TRIPLE (Line Drive, 78XD, EV 109.4 MPH)
|
|
Batting: RHB Vic Nelson
|
0-0: Ball 1-0: Ball 2-0: Foul Ball, location: 2F 2-1: Ground out 6-3 (Groundball, 6, EV 81.2 MPH) Tim Cleary scores
|
|
Batting: RHB Mario Mendoza
|
0-0: Ball 1-0: Foul Ball, location: 2F 1-1: Ball 2-1: Ball 3-1: Foul Ball, location: 2F 3-2: Base on Balls
|
|
Batting: RHB Fortunato Fteira
|
0-0: SINGLE (Line Drive, 89M, EV 96.2 MPH) Mario Mendoza to second Runner from 2nd tries for 3rd, SAFE, throw by CF made to third
|
|
Batting: RHB Dave Cluster
|
0-0: Ball 1-0: DOUBLE (Flyball, 78XD, EV 101.2 MPH) Mario Mendoza scores Fortunato Fteira to third Runner from 3rd tries for Home, SAFE, throw by CF to trailing runner, SAFE at third!
|
|
Batting: RHB John Peterson
|
0-0: Called Strike 0-1: Ball 1-1: Foul Ball, location: 2F 1-2: Ball 2-2: Ball 3-2: SINGLE (Line Drive, 9S, EV 109.4 MPH) Dave Cluster scores
|
|
Pitching: LHP Melvin Castro
|
|
|
Batting: RHB Pat Scaturro
|
0-0: Called Strike 0-1: Ball 1-1: Foul Ball, location: 2F 1-2: Strikes out looking John Peterson is caught stealing 2nd base 2-4 Batter strikes out.
|
| Bottom of the 2nd over - 4 runs, 4 hits, 0 errors, 0 left on base; Greensboro 2 - Peoria 6 |
| TOP OF THE 3RD |
|
Greensboro Grasshoppers batting - Pitching for Peoria Chiefs : RHP Nick Peters
|
|
Batting: RHB Harrie de Kam
|
0-0: Ball 1-0: Swinging Strike 1-1: Foul Ball, location: 2F 1-2: Fly out, F7 (Flyball, 78M, EV 86.9 MPH)
|
|
Batting: RHB Erik Coleman
|
0-0: Called Strike 0-1: Ground out 6-3 (Groundball, 6, EV 107.5 MPH)
|
|
Batting: LHB Angelo Estrella
|
0-0: Called Strike 0-1: Ground out 4-3 (Groundball, 4, EV 85.0 MPH)
|
| Top of the 3rd over - 0 runs, 0 hits, 0 errors, 0 left on base; Greensboro 2 - Peoria 6 |
| BOTTOM OF THE 3RD |
|
Peoria Chiefs batting - Pitching for Greensboro Grasshoppers : LHP Melvin Castro
|
|
Batting: RHB Tyler Walker
|
0-0: Ball 1-0: Swinging Strike 1-1: Fly out, F9 (Line Drive, 89M, EV 97.5 MPH)
|
|
Batting: RHB Tommy Tracy
|
0-0: Ball 1-0: Ground out 6-3 (Groundball, 6, EV 78.8 MPH)
|
|
Batting: RHB Tim Cleary
|
0-0: Fly out, F5 (Line Drive, 5, EV 60.6 MPH)
|
| Bottom of the 3rd over - 0 runs, 0 hits, 0 errors, 0 left on base; Greensboro 2 - Peoria 6 |
| TOP OF THE 4TH |
|
Greensboro Grasshoppers batting - Pitching for Peoria Chiefs : RHP Nick Peters
|
|
Batting: RHB Miguel Velasco
|
0-0: Ball 1-0: Ball 2-0: Fly out, F8 (Line Drive, 8RD, EV 93.8 MPH)
|
|
Batting: LHB Ryan Thompson
|
0-0: Ball 1-0: Ball 2-0: Ball 3-0: Called Strike 3-1: Foul Ball, location: 2F 3-2: Strikes out looking
|
|
Batting: RHB Andy Kelly
|
0-0: Called Strike 0-1: Swinging Strike 0-2: Strikes out swinging
|
| Top of the 4th over - 0 runs, 0 hits, 0 errors, 0 left on base; Greensboro 2 - Peoria 6 |
| BOTTOM OF THE 4TH |
|
Peoria Chiefs batting - Pitching for Greensboro Grasshoppers : LHP Melvin Castro
|
|
Batting: RHB Vic Nelson
|
0-0: SINGLE (Line Drive, 7S, EV 99.4 MPH)
|
|
Batting: RHB Mario Mendoza
|
0-0: Ball 1-0: SINGLE (Line Drive, 8RS, EV 107.5 MPH) Vic Nelson to second
|
|
Batting: RHB Fortunato Fteira
|
0-0: Foul Ball, location: 2F 0-1: Ball 1-1: Ball 2-1: Ball 3-1: Foul Ball, location: 2F 3-2: Foul Ball, location: 2F 3-2: Strikes out swinging
|
|
Batting: RHB Dave Cluster
|
0-0: Fly out, F8 (Flyball, 8LD, EV 90.6 MPH)
|
|
Batting: RHB John Peterson
|
0-0: Called Strike 0-1: Ball 1-1: Called Strike 1-2: Ball 2-2: Ground out 4-3 (Groundball, 4, EV 80.6 MPH)
|
| Bottom of the 4th over - 0 runs, 2 hits, 0 errors, 2 left on base; Greensboro 2 - Peoria 6 |
| TOP OF THE 5TH |
|
Greensboro Grasshoppers batting - Pitching for Peoria Chiefs : RHP Nick Peters
|
|
Batting: RHB J.D. Vander Klok
|
0-0: Ball 1-0: Called Strike 1-1: Swinging Strike 1-2: Strikes out swinging
|
|
Batting: RHB Wei-guo Tsu
|
0-0: Called Strike 0-1: Ball 1-1: Ground out 4-3 (Groundball, 4, EV 95.0 MPH)
|
|
Batting: RHB Jeremy Dennis
|
0-0: Called Strike 0-1: Foul Ball, location: 2F 0-2: Ball 1-2: Ball 2-2: Ball 3-2: Foul Ball, location: 2F 3-2: SINGLE (Groundball, 25, EV 63.8 MPH) (infield hit)
|
|
Batting: RHB Harrie de Kam
|
0-0: Ball 1-0: Ball 2-0: Ball 3-0: Called Strike 3-1: Foul Ball, location: 2F 3-2: Foul Ball, location: 2F 3-2: Foul Ball, location: 2F 3-2: Ground out U3 (Groundball, 3S, EV 85.0 MPH)
|
| Top of the 5th over - 0 runs, 1 hit, 0 errors, 1 left on base; Greensboro 2 - Peoria 6 |
| BOTTOM OF THE 5TH |
|
Peoria Chiefs batting - Pitching for Greensboro Grasshoppers : LHP Melvin Castro
|
|
Batting: RHB Pat Scaturro
|
0-0: Ball 1-0: Ground out 6-3 (Groundball, 56, EV 106.2 MPH)
|
|
Batting: RHB Tyler Walker
|
0-0: Called Strike 0-1: Foul Ball, location: 2F 0-2: Ball 1-2: Fly out, F8 (Line Drive, 8RD, EV 110.6 MPH)
|
|
Batting: RHB Tommy Tracy
|
0-0: Ball 1-0: Ball 2-0: Swinging Strike 2-1: Ground out 6-3 (Groundball, 6, EV 88.1 MPH)
|
| Bottom of the 5th over - 0 runs, 0 hits, 0 errors, 0 left on base; Greensboro 2 - Peoria 6 |
| TOP OF THE 6TH |
|
Greensboro Grasshoppers batting - Pitching for Peoria Chiefs : RHP Nick Peters
|
|
Pitching: LHP Sid DeSensi
|
|
|
Batting: RHB Erik Coleman
|
0-0: Called Strike 0-1: Swinging Strike 0-2: Foul Ball, location: 2F 0-2: Ground out 6-3 (Groundball, 6S, EV 82.5 MPH)
|
|
Batting: LHB Angelo Estrella
|
0-0: Called Strike 0-1: Foul Ball, location: 2F 0-2: Strikes out looking
|
|
Batting: RHB Miguel Velasco
|
0-0: Foul Ball, location: 2F 0-1: Called Strike 0-2: Strikes out looking
|
| Top of the 6th over - 0 runs, 0 hits, 0 errors, 0 left on base; Greensboro 2 - Peoria 6 |
| BOTTOM OF THE 6TH |
|
Peoria Chiefs batting - Pitching for Greensboro Grasshoppers : LHP Melvin Castro
|
|
Batting: RHB Tim Cleary
|
0-0: Called Strike 0-1: Fly out, F8 (Flyball, 89M, EV 87.5 MPH)
|
|
Batting: RHB Vic Nelson
|
0-0: Called Strike 0-1: SINGLE (Line Drive, 9S, EV 110.6 MPH)
|
|
Pitching: RHP James Bitner
|
|
|
Batting: RHB Mario Mendoza
|
0-0: Ball 1-0: Foul Ball, location: 2F 1-1: Ball 2-1: Swinging Strike 2-2: Foul Ball, location: 2F 2-2: Foul Ball, location: 2F 2-2: Foul Ball, location: 2F 2-2: Ball 3-2: Base on Balls Vic Nelson to second
|
|
Batting: RHB Fortunato Fteira
|
0-0: Ball 1-0: Fielders Choice at 2nd, 1-4 (Groundball, 15S, EV 71.9 MPH) Vic Nelson to third
|
|
Batting: RHB Dave Cluster
|
0-0: Called Strike 0-1: Foul Ball, location: 2F 0-2: Ball 1-2: Foul Ball, location: 2F 1-2: DOUBLE (Line Drive, 7LM, EV 107.5 MPH) Vic Nelson scores Fortunato Fteira to third Runner from 3rd tries for Home, SAFE, no throw by LF
|
|
Batting: RHB John Peterson
|
0-0: Called Strike 0-1: Foul Ball, location: 2F 0-2: Ball 1-2: Ball 2-2: Fly out, F9 (Flyball, 9, EV 78.8 MPH)
|
| Bottom of the 6th over - 2 runs, 2 hits, 0 errors, 1 left on base; Greensboro 2 - Peoria 8 |
| TOP OF THE 7TH |
|
Greensboro Grasshoppers batting - Pitching for Peoria Chiefs : LHP Sid DeSensi
|
|
Batting: LHB Ryan Thompson
|
0-0: Ground out 5-3 (Groundball, 56, EV 88.1 MPH)
|
|
Batting: RHB Andy Kelly
|
0-0: Called Strike 0-1: Swinging Strike 0-2: Foul Ball, location: 2F 0-2: Foul Ball, location: 2F 0-2: Ground out 5-3 (Groundball, 5, EV 90.0 MPH)
|
|
Batting: RHB J.D. Vander Klok
|
0-0: Fly out, F7 (Line Drive, 78M, EV 96.9 MPH)
|
| Top of the 7th over - 0 runs, 0 hits, 0 errors, 0 left on base; Greensboro 2 - Peoria 8 |
| BOTTOM OF THE 7TH |
|
Peoria Chiefs batting - Pitching for Greensboro Grasshoppers : RHP James Bitner
|
|
Batting: RHB Pat Scaturro
|
0-0: Called Strike 0-1: Foul Ball, location: 2F 0-2: Ground out 4-3 (Groundball, 4, EV 80.0 MPH)
|
|
Batting: RHB Tyler Walker
|
0-0: Ball 1-0: Ball 2-0: Ball 3-0: Base on Balls
|
|
Batting: RHB Tommy Tracy
|
0-0: Called Strike 0-1: Ball 1-1: Ball 2-1: Fielders Choice at 2nd, 5-4 (Groundball, 56S, EV 78.1 MPH)
|
|
Batting: RHB Tim Cleary
|
0-0: Swinging Strike 0-1: SINGLE (Groundball, 6MD, EV 110.0 MPH) Tommy Tracy to second Runner from 2nd tries for 3rd, SAFE, throw by CF made to third
|
|
Batting: RHB Vic Nelson
|
0-0: Called Strike 0-1: Swinging Strike 0-2: Ball 1-2: Ball 2-2: Strikes out swinging
|
| Bottom of the 7th over - 0 runs, 1 hit, 0 errors, 2 left on base; Greensboro 2 - Peoria 8 |
| TOP OF THE 8TH |
|
Greensboro Grasshoppers batting - Pitching for Peoria Chiefs : LHP Sid DeSensi
|
|
Batting: RHB Wei-guo Tsu
|
0-0: Ball 1-0: Ball 2-0: Swinging Strike 2-1: Ball 3-1: Base on Balls
|
|
Batting: RHB Jeremy Dennis
|
0-0: Swinging Strike 0-1: Fielders Choice at 2nd, 6-4 (Groundball, 6, EV 96.2 MPH)
|
|
Batting: RHB Harrie de Kam
|
0-0: Called Strike 0-1: Ball 1-1: Fly out, F7 (Flyball, 78M, EV 91.2 MPH)
|
|
Batting: RHB Erik Coleman
|
0-0: Ball 1-0: Ball 2-0: Foul Ball, location: 2F 2-1: Called Strike 2-2: SINGLE (Groundball, 6MD, EV 97.5 MPH) Jeremy Dennis to second
|
|
Batting: LHB Angelo Estrella
|
0-0: Ball 1-0: Called Strike 1-1: Ball Wild Pitch! Jeremy Dennis to third Erik Coleman to second 2-1: Ball 3-1: Foul Ball, location: 2F 3-2: Foul Ball, location: 2F 3-2: Strikes out swinging
|
| Top of the 8th over - 0 runs, 1 hit, 0 errors, 2 left on base; Greensboro 2 - Peoria 8 |
| BOTTOM OF THE 8TH |
|
Peoria Chiefs batting - Pitching for Greensboro Grasshoppers : RHP James Bitner
|
|
Batting: RHB Mario Mendoza
|
0-0: Called Strike 0-1: Ball 1-1: Foul Ball, location: 2F 1-2: Foul Ball, location: 2F 1-2: Ball 2-2: Ball 3-2: Foul Ball, location: 2F 3-2: Ground out 4-3 (Groundball, 4, EV 96.2 MPH)
|
|
Batting: RHB Fortunato Fteira
|
0-0: Ball 1-0: Ball 2-0: Foul Ball, location: 2F 2-1: Swinging Strike 2-2: Strikes out swinging
|
|
Batting: RHB Dave Cluster
|
0-0: Ground out 6-3 (Groundball, 6D, EV 80.6 MPH)
|
| Bottom of the 8th over - 0 runs, 0 hits, 0 errors, 0 left on base; Greensboro 2 - Peoria 8 |
| TOP OF THE 9TH |
|
Greensboro Grasshoppers batting - Pitching for Peoria Chiefs : LHP Sid DeSensi
|
|
Batting: RHB Miguel Velasco
|
0-0: Ball 1-0: Called Strike 1-1: SINGLE (Groundball, 34D, EV 95.0 MPH)
|
|
Batting: LHB Ryan Thompson
|
|
|
Pinch Hitting: RHB Larry LeFever
|
0-0: Swinging Strike 0-1: Ball 1-1: Foul Ball, location: 2F 1-2: Foul Ball, location: 2F 1-2: Fly out, F4 (Line Drive, 4, EV 65.0 MPH)
|
|
Pitching: RHP Andrew Ray
|
|
|
Batting: RHB Andy Kelly
|
0-0: Called Strike 0-1: Ball 1-1: Foul Ball, location: 2F 1-2: Ball Wild Pitch! Miguel Velasco to second 2-2: Fly out, F7 (Flyball, 78D, EV 102.5 MPH)
|
|
Batting: RHB J.D. Vander Klok
|
0-0: Called Strike 0-1: Foul Ball, location: 2F 0-2: Foul Ball, location: 2F 0-2: Ground out 6-3 (Groundball, 6, EV 88.1 MPH)
|
| Top of the 9th over - 0 runs, 1 hit, 0 errors, 1 left on base; Greensboro 2 - Peoria 8 |
|